 Dungeon Crawl Stone Soup version 0.20.1-1-g8b1a95d66d (webtiles) character file.

107 Ivernyr the Shooter (level 4, -1/38 HPs)
             Began as a Centaur Hunter on Dec 8, 2017.
             Slain by a leopard gecko (3 damage)
             ... on level 4 of the Dungeon.
             The game lasted 00:06:36 (3298 turns).

Ivernyr the Shooter (Centaur Hunter)                Turns: 3298, Time: 00:06:37

Health: -1/38      AC:  4    Str: 14    XL:     4   Next: 57%
Magic:  4/4        EV:  9    Int: 11    God:
Gold:   78         SH:  0    Dex: 10    Spells: 3/3 levels left

rFire    . . .     SeeInvis .     - Unarmed
rCold    . . .     Gourm    .   (no shield)
rNeg     . . .     Faith    .   c - +0 leather armour
rPois    .         Spirit   .   (no helmet)
rElec    .         Reflect  .   (no cloak)
rCorr    .         Harm     .   (no gloves)
MR       .....     Rnd*Tele +   (no barding)
Stlth    +.........             (no amulet)
Regen    0.2/turn               q - ring of teleportation (curse)
MPRegen  0.1/turn               (no ring)

@: very quick
A: hooves 3, deformed body, speed 2, tough skin 3
a: no special abilities


You were on level 4 of the Dungeon.
You were not hungry.

You visited 1 branch of the dungeon, and saw 4 of its levels.

You collected 78 gold pieces.

Inventory:

Hand Weapons
 a - a +1 shortbow
Missiles
 d - 42 arrows
Armour
 c - a +0 leather armour (worn)
Jewellery
 q - a cursed ring of teleportation (left hand)
Scrolls
 b - 4 scrolls of identify {unknown}
 e - 2 scrolls of amnesia {unknown}
 k - a scroll of random uselessness {unknown}
 m - a scroll of teleportation {unknown}
 n - 2 scrolls of immolation {unknown}
 p - a scroll of enchant armour {unknown}
 r - 2 scrolls of enchant weapon {unknown}
Potions
 h - 2 potions of degeneration {unknown}
 i - a potion of curing {unknown}
 j - a potion of resistance {unknown}
 o - 2 potions of heal wounds {unknown}
 s - 2 potions of mutation {unknown}
Comestibles
 f - 4 bread rations
 g - a meat ration
 l - 3 fruits
 u - a royal jelly


   Skills:
 + Level 3.0 Fighting
 * Level 6.8 Bows
 - Level 1.3 Dodging
 - Level 0.4 Stealth
 + Level 1.6 Unarmed Combat


You had 3 spell levels left.
You didn't know any spells.

Dungeon Overview and Level Annotations

Branches:
Dungeon (4/15)
 Temple: D:4-7

Altars:


Innate Abilities, Weirdness & Mutations

You have hooves in place of feet.
Armour fits poorly on your strangely shaped body.
You cover ground very quickly.
You have extremely tough skin. (AC +3)


Message History

* * * LOW HITPOINT WARNING * * *
Found a scroll labeled OLEHIM GAMUPS.
Found a stone staircase leading down.
You closely miss the hound. Your kick misses the hound. The hound bites you.
* * * LOW HITPOINT WARNING * * *
The hound bites you but does no damage.
You barely miss the hound. The hound bites you but does no damage.
You hit the hound.
The hound is lightly wounded.
The hound closely misses you.
The phantom blinks!
The hound barely misses you. The leopard gecko closely misses you.
You hit the hound.
The hound is moderately wounded.
The hound bites you.
* * * LOW HITPOINT WARNING * * *
The leopard gecko bites you but does no damage.
You hit the hound. Your kick misses the hound.
The hound is moderately wounded.
The hound bites you but does no damage. The leopard gecko bites you.
You die...

######.....)..............
...................#
..................?
..................#
...............?.#
....!....l......#
#######w###..#..##
###.##.........
#...@h........#
........l.........
###..............#
.....##..........# .....
#........... #...
............ ###
##......>... #.........


You could see a hound, a dart slug and a leopard gecko.

Vanquished Creatures
  An orc priest (D:3)
  An adder (D:3)
  An ooze (D:1)
  A worm (D:3)
  A dart slug (D:1)
  2 leopard geckos (D:1)
  4 orcs (D:2)
  2 ball pythons (D:1)
  A giant cockroach (D:2)
  10 goblins
  2 hobgoblins
  6 jackals
  3 bats (D:1)
  3 frilled lizards
  7 kobolds
  8 rats
53 creatures vanquished.

Notes
Turn   | Place    | Note
-------+----------+-------------------------------------------
     0 | D:1      | Ivernyr the Centaur Hunter began the quest for the Orb.
     0 | D:1      | Reached XP level 1. HP: 17/17 MP: 1/1
   515 | D:1      | Reached XP level 2. HP: 24/24 MP: 2/2
   854 | D:1      | Reached skill level 6 in Bows
  1095 | D:1      | Reached XP level 3. HP: 28/30 MP: 3/3
  1791 | D:2      | Reached skill level 1 in Unarmed Combat
  2980 | D:3      | Reached XP level 4. HP: 26/37 MP: 4/4
  3288 | D:4      | Noticed a phantom
  3297 | D:4      | HP: 1/38 [hound (5)]
  3298 | D:4      | Slain by a leopard gecko

Skill      XL: |  1  2  3  4 |
---------------+-------------+-----
Bows           | 6 |  6.8
Unarmed Combat | 1 |  1.6
Fighting       | 3 |  3.0
Dodging        | |  1.3
Stealth        | |  0.4

Action                   |  1- 3 |  4- 6 || total
-------------------------+-------+-------++-------
Melee: Unarmed           |   187 |    20 ||   207
       Kick              |    34 |     1 ||    35
       Punch             |     1 |       ||     1
 Fire: Shortbow          |     9 |     8 ||    17
  Eat: Chunk             |     4 |     2 ||     6
Armor: Leather armour    |    69 |     8 ||    77
Dodge: Dodged            |    83 |    11 ||    94
